 Dungeon Crawl Stone Soup version 0.28-a0-792-g75f770b44e (webtiles) character file.

Game seed: 420408984158870646

2813 Essalna the Chiller (level 9, 0/52 HPs)
             Began as a Gargoyle Ice Elementalist on Nov 3, 2021.
             Was an Initiate of Vehumet.
             Slain by a wight (9 damage)
             ... on level 6 of the Dungeon.
             The game lasted 00:22:10 (8649 turns).

Essalna the Chiller (Gargoyle Ice Elementalist)     Turns: 8649, Time: 00:22:10

Health: 0/52       AC: 20    Str: 11    XL:     9   Next: 72%
Magic:  18/18      EV: 12    Int: 20    God:    Vehumet [......]
Gold:   244        SH:  0    Dex: 10    Spells: 4/20 levels left

rFire   + . .      SeeInvis +   n - +1 whip (flame)
rCold   . . .      Faith    .   (no shield)
rNeg    + . .      Spirit   .   a - +0 robe
rPois   ∞          Reflect  .   (no helmet)
rElec   +          Harm     .   s - +0 cloak
rCorr   .          Rampage  .   (no gloves)
Will    .....                   F - +1 pair of boots
Stlth   ++........              (no amulet)
HPRegen 0.17/turn               e - ring of protection from fire
MPRegen 0.16/turn               w - ring of see invisible

@: ice-armoured
A: sickness immunity, AC +6, negative energy resistance 1, electricity
resistance, torment resistance 1, petrification resistance
a: Renounce Religion


You were on level 6 of the Dungeon.
You worshipped Vehumet.
Vehumet was noncommittal.
You visited 1 branch of the dungeon, and saw 7 of its levels.
You also visited: Ossuary.

You collected 244 gold pieces.

Inventory:

Hand Weapons
 d - a +0 dagger
 l - a +3 scythe of venom
 n - a +1 whip of flaming (weapon)
Armour
 a - a +0 robe (worn)
 s - a +0 cloak (worn)
 F - a +1 pair of boots (worn)
Magical Staves
 o - a staff of death
Jewellery
 e - a ring of protection from fire (left hand)
 w - a ring of see invisible (right hand)
Wands
 D - a wand of polymorph (8)
Scrolls
 b - 2 scrolls of amnesia {unknown}
 f - 2 scrolls of vulnerability {unknown}
 i - 2 scrolls of fog {unknown}
 j - 2 scrolls of holy word {unknown}
 k - a scroll of brand weapon {unknown}
 q - 5 scrolls of identify
 r - a scroll of summoning {unknown}
 v - 2 scrolls of enchant armour {unknown}
 x - a scroll of silence {unknown}
 y - 2 scrolls of teleportation {unknown}
Potions
 c - a potion of might {unknown}
 g - 3 potions of attraction {unknown}
 h - 2 potions of lignification {unknown}
 m - a potion of cancellation {unknown}
 p - a potion of invisibility {unknown}
 t - a potion of heal wounds {unknown}
 u - 2 potions of degeneration {unknown}
 z - a potion of resistance {unknown}
 A - 3 potions of mutation {unknown}
 B - 3 potions of curing
 C - a potion of haste {unknown}
 E - a potion of ambrosia {unknown}


   Skills:
 + Level 4.5 Fighting
 + Level 4.6 Armour
 + Level 3.9 Dodging
 - Level 2.1 Stealth
 + Level 6.3 Spellcasting
 + Level 4.2 Conjurations
 + Level 2.2 Fire Magic
 + Level 7.8 Ice Magic


You had 4 spell levels left.
You knew the following spells:

 Your Spells              Type           Power      Damage    Failure   Level
a - Freeze                Ice            100%       1d11      1%          1
b - Frozen Ramparts       Ice            74%        1d9       1%          3
c - Hailstorm             Conj/Ice       30%        3d8       9%          4
d - Foxfire               Conj/Fire      76%        2x1d7     2%          1
e - Flame Wave            Conj/Fire      19%        3d5       26%         4
f - Ozocubu's Armour      Ice            37%        N/A       1%          3

Your spell library contained the following spells:

 Spells                   Type           Power      Damage    Failure   Level
 Shock                    Conj/Air       56%        1d6       4%          1
 Conjure Flame            Conj/Fire      19%        6-21      8%          3
 Pain                     Necr           24%        1d5       10%         1
 Summon Small Mammal      Summ           24%        N/A       10%         1
 Corpse Rot               Necr/Air       12%        N/A       16%         2
 Poisonous Vapours        Pois/Air       12%        N/A       16%         2
 Inner Flame              Hex/Fire       10%        N/A       19%         3


Dungeon Overview and Level Annotations

Branches:
Dungeon (7/15)            Ossuary (visited)
 Temple: D:4-7

Altars:
Cheibriados
Dithmenos
Fedhas
Gozag
Qazlal
Vehumet
Wu Jian

Shops:
D:2 !   D:5 !


Innate Abilities, Weirdness & Mutations

You are immune to sickness and miasma.
Your stone body is resilient. (AC +6)
You are immune to poison.
You resist negative energy. (rN+)
You are resistant to electric shocks. (rElec)
You are resistant to unholy torment.
You are immune to petrification.


Message History

The wight freezes you. The wight barely misses you.
You hit the wight but do no damage.
The wight is almost destroyed.
The wight barely misses you.
You closely miss the wight.
The wight is almost destroyed.
The wight hits you but does no damage.
You hit the wight. You burn the wight.
The wight is almost destroyed.
The wight closely misses you.
You barely miss the wight.
The wight is almost destroyed.
The wight hits you with a +2 short sword of freezing.
The wight freezes you.
You hit the wight but do no damage.
The wight is almost destroyed.
The wight hits you but does no damage.
You hit the wight but do no damage.
The wight is almost destroyed.
The wight hits you with a +2 short sword of freezing.
* * * LOW HITPOINT WARNING * * *
The wight freezes you.
* * * LOW HITPOINT WARNING * * *
You hit the wight but do no damage.
The wight is almost destroyed.
The wight hits you but does no damage.
You hit the wight but do no damage.
The wight is almost destroyed.
The wight misses you.
You hit the wight but do no damage.
The wight is almost destroyed.
The wight hits you but does no damage.
You hit the wight but do no damage.
The wight is almost destroyed.
The wight hits you with a +2 short sword of freezing.
* * * LOW HITPOINT WARNING * * *
The wight freezes you.
* * * LOW HITPOINT WARNING * * *
The wight hits you with a +2 short sword of freezing!
You die...

#############
#............
#.########### ) #)#
... ####)#
#...##########...^#
#
........).zz@..#..#
########
....[....#####....#
#....... #.######.#
##.#.# #...8### #.#
#.#.# #...'... ...
########...8#..
#... #....####''
#...# ###÷.#⌠.#..
#...#. #..#..#..
#...#.. #..#._#..


You could see 2 wights.

Vanquished Creatures
  Sigmund (D:2)
  Eustachio (D:6)
  A water moccasin (D:6)
  An orc warrior (D:6)
  4 ogres (D:5)
  A sky beast (D:6)
  3 necrophages
  A black bear (D:6)
  A centaur (D:6)
  A phantom (D:4)
  A bullfrog (D:6)
  3 water moccasin zombies (Ossuary)
  6 scorpions
  2 water moccasin skeletons (D:6)
  3 wights (D:6)
  A howler monkey (D:4)
  2 centaur zombies
  An orc priest (D:4)
  A hound (D:2)
  A centaur skeleton (D:6)
  An iguana (D:6)
  Natasha (thrice) (D:2)
  2 orc wizards
  2 hound skeletons
  2 mummies (Ossuary)
  6 adders
  A white imp (D:5)
  An ufetubus (D:5)
  3 adder zombies (Ossuary)
  An adder skeleton (D:4)
  A worm (D:2)
  4 dart slugs
  22 orcs
  7 bats
  7 endoplasms
  3 giant cockroaches
  3 gnoll zombies (Ossuary)
  9 goblins
  9 hobgoblins
  4 jackals (D:2)
  6 ball pythons
  4 frilled lizards
  4 hobgoblin zombies (Ossuary)
  5 kobolds
  5 kobold zombies (Ossuary)
  4 orc zombies (Ossuary)
  4 rats
159 creatures vanquished.

Vanquished Creatures (others)
  9 foxfires (D:6)
9 creatures vanquished.

Grand Total: 168 creatures vanquished

Notes
Turn   | Place    | Note
-------+----------+-------------------------------------------
     0 | D:1      | Essalna the Gargoyle Ice Elementalist began the quest for
                  | the Orb.
     0 | D:1      | Reached XP level 1. HP: 10/10 MP: 3/3
   200 | D:1      | Reached XP level 2. HP: 15/15 MP: 0/5
   819 | D:1      | Reached XP level 3. HP: 16/19 MP: 3/6
  1148 | D:2      | Noticed Sigmund
  1199 | D:1      | Learned a level 3 spell: Frozen Ramparts
  1313 | D:2      | Reached XP level 4. HP: 24/24 MP: 5/8
  1691 | D:2      | Reached skill level 5 in Ice Magic
  1786 | D:2      | Found Liatune's Distillery.
  2034 | D:2      | Killed Sigmund
  2035 | D:2      | Reached XP level 5. HP: 4/28 MP: 0/11
  2035 | D:2      | Reached XP level 6. HP: 4/32 MP: 0/12
  2331 | D:2      | Noticed Natasha
  2334 | D:2      | Killed Natasha
  2347 | D:2      | Noticed Natasha
  2353 | D:2      | Killed Natasha
  2354 | D:2      | Reached skill level 6 in Ice Magic
  2425 | D:2      | Noticed Natasha
  2434 | D:2      | Killed Natasha
  2958 | D:3      | Found a faded altar of an unknown god.
  3170 | D:4      | Reached XP level 7. HP: 29/36 MP: 11/14
  3378 | D:4      | Found a shadowy altar of Dithmenos.
  3383 | D:4      | Reached skill level 5 in Spellcasting
  3937 | D:4      | Learned a level 4 spell: Hailstorm
  3988 | D:4      | Found a blossoming altar of Fedhas.
  4129 | D:4      | Reached skill level 1 in Fighting
  4129 | D:4      | Reached skill level 1 in Armour
  4371 | D:5      | Entered Level 5 of the Dungeon
  4391 | D:5      | Reached skill level 1 in Conjurations
  4398 | D:5      | Reached XP level 8. HP: 33/44 MP: 12/16
  4439 | D:5      | Found a sand-covered staircase.
  4444 | Ossuary  | Entered an ossuary
  4836 | Ossuary  | Reached skill level 7 in Ice Magic
  5744 | D:5      | Found an ornate altar of the Wu Jian Council.
  6131 | D:5      | Reached XP level 9. HP: 51/51 MP: 17/17
  6133 | D:5      | Learned a level 1 spell: Foxfire
  6255 | D:5      | Found Rawotesm's Distillery.
  6388 | D:6      | Found a snail-covered altar of Cheibriados.
  6462 | D:6      | Noticed Eustachio
  6492 | D:6      | Killed Eustachio
  6493 | D:6      | Reached skill level 1 in Fire Magic
  6500 | D:6      | Got Wauxef's Beginning Course on Thaumaturgy
  7794 | D:6      | Found a large runed translucent door.
  7795 | D:6      | Found a large runed translucent door.
  7934 | D:6      | Found a stormy altar of Qazlal.
  7937 | D:6      | Found a radiant altar of Vehumet.
  7944 | D:6      | Became a worshipper of Vehumet
  8019 | D:6      | Found an opulent altar of Gozag.
  8129 | D:6      | Learned a level 4 spell: Flame Wave
  8244 | D:6      | Learned a level 3 spell: Ozocubu's Armour
  8649 | D:6      | Slain by a wight

Illustrated notes

Levels and vault maps discovered:
D:1:      mrwooster_arrival_statue_2, layout_basic, moated_statue,
          minmay_pentomino_x4
D:2:      wander_river, layout_rooms, serial_shops, nicolae_lakefront_shop,
          st_stairs_13, uniq_sigmund, uniq_natasha
D:3:      layout_loops_cross, ebering_ecumenical_altar_webs, st_stairs_12,
          minmay_crystal_room
D:4:      layout_basic, mainiacjoe_overflow_paths, grunt_dithmenos_smoke
D:5:      layout_basic, mainiacjoe_overflow_six_doors_small,
          nicolae_ossuary_entry_false_entrances, serial_shops,
          nicolae_shop_behind_doors
D:6:      layout_loops_ring, grunt_gozag_breadcrumbs, okawaru_ov_weapons_minmay,
          mainiacjoe_overflow_cross_hatched, jmf_multi_god_temple2,
          biasface_ghost_orc_armoury, uniq_eustachio
D:7:      layout_rooms, minmay_temple_entry_junction

Skill      XL: |  1  2  3  4  5  6  7  8  9 |
---------------+----------------------------+-----
Spellcasting   | 3 4 5 6 |  6.3
Ice Magic      | 5 6 7 |  7.8
Fighting       | 2 3 4 |  4.5
Armour         | 1 3 4 |  4.6
Dodging        | 2 3 |  3.9
Conjurations   | 1 3 4 |  4.2
Fire Magic     | 2 |  2.2
Stealth        | |  2.1

Action                   |  1- 3 |  4- 6 |  7- 9 || total
-------------------------+-------+-------+-------++-------
Melee: Unarmed           |     6 |       |       ||     6
       Dagger            |    14 |    21 |       ||    35
       Scythe            |       |    45 |    93 ||   138
       Whip              |       |       |   273 ||   273
 Cast: Freeze            |    45 |    19 |     3 ||    67
       Frozen Ramparts   |     1 |     7 |    25 ||    33
       Foxfire           |       |       |     5 ||     5
       Ozocubu's Armour  |       |       |     4 ||     4
Evoke: Wand              |       |       |     1 ||     1
  Use: Scroll            |       |       |     4 ||     4
 Stab: Sleeping          |     1 |     3 |     2 ||     6
Armor: Robe              |    22 |    25 |   166 ||   213
Dodge: Dodged            |    33 |    41 |   253 ||   327

Table legend: (Time is in decaauts)
 A = Elapsed time spent in this place.
 B = Non-inter-level travel time spent in this place.
 C = Inter-level travel time spent in this place.
 D = Time resting spent in this place.
 E = Time spent auto-exploring this place.
 F = Levels seen in this place.
 G = Mean time per level.
                   A        B        C        D        E       F      G
               +--------+--------+--------+--------+--------+-----+--------+
         Total |   8837 |   8354 |    483 |    259 |   6501 |   8 | 1104.6 |
       Dungeon |   7925 |   7442 |    483 |    259 |   5789 |   7 | 1132.1 |
       Ossuary |    911 |    911 |      0 |      0 |    712 |   1 |  911.0 |
               +--------+--------+--------+--------+--------+-----+--------+

Top non-repeatable levels by time:
     D:6: 1780 daAuts
     D:4: 1509 daAuts
     D:2: 1388 daAuts
     D:5: 1317 daAuts
     D:1: 1086 daAuts
 Ossuary: 911 daAuts
     D:3: 751 daAuts
     D:7: 92 daAuts
